 Dungeon Crawl Stone Soup version 0.26.0-11-g8f856b5395 (webtiles) character file.

Game seed: 6884884361406985701

326017 xSliceyx the Unforgettable (level 20, -2/149 HPs)
             Began as a Demonspawn Fighter on Jan 13, 2021.
             Was the Champion of Hepliaklqana.
             Slain by a deep troll shaman (13 damage)
             ... led by an ironheart preserver
             ... on level 1 of the Vaults on Jan 15, 2021.
             The game lasted 07:08:51 (61425 turns).

xSliceyx the Unforgettable (Demonspawn Fighter)    Turns: 61425, Time: 07:08:52

Health: -2/149     AC: 39    Str: 26    XL:     20   Next: 75%
Magic:  0/41       EV:  9    Int: 16    God:    Hepliaklqana [******]
Gold:   857        SH: 15    Dex: 20    Spells: 23/23 levels left

rFire    + . .     SeeInvis +   a - +9 eveningstar (venom)
rCold    . . .     Faith    .   z - +0 kite shield {reflect}
rNeg     . . .     Spirit   +   f - +8 chain mail of the Falcon {Rampage MP+9}
rPois    +         Reflect  +   V - +3 helmet of Peek-a-Boo {SInv}
rElec    .         Harm     .   i - +4 cloak of Mutz {Will+}
rCorr    .         Rampage  +   (gloves unavailable)
Will     +++..                  R - +2 pair of boots
Stlth    ..........             K - amulet of regeneration
HPRegen  0.74/turn              H - ring "Uromod" {Will+ Int+4 Dex+6}
MPRegen  0.54/turn              L - ring of Vodka {rF+ Str+4}

@: no status effects
A: reduced essence, claws 3, slimy green scales 3, foul stench 1, augmentation
2, magic shield, magic regeneration, magic link, miasma immunity
}: 2/15 runes: barnacled, gossamer
a: Renounce Religion, Recall Ancestor, Ancestor Identity, Transference, Idealise


You were on level 1 of the Vaults.
You worshipped Hepliaklqana.
Hepliaklqana was exalted by your worship.
You visited 8 branches of the dungeon, and saw 37 of its levels.
You also visited: Sewer, Bailey and Desolation.

You collected 4278 gold pieces.
You spent 3421 gold pieces at shops.

Inventory:

Hand Weapons
 a - a +9 eveningstar of venom (weapon)
 b - the +12 fustibalus "Killer Klown's Bane" {speed, +Blink MP+9}
   (You acquired it on level 1 of the Lair of Beasts)

   Attacks with this weapon are significantly faster.
   It affects your magic capacity (+9).
   It lets you blink.
 c - the +7 spear of Sunlight {flame, rF+ rN+ Will+ Dex+6}
   (You found it on level 1 of the Elven Halls)

   It has been specially enchanted to burn those struck by it, causing extra
   injury to most foes and up to half again as much damage against particularly
   susceptible opponents.
   It affects your dexterity (+6).
   It protects you from fire.
   It protects you from negative energy.
   It affects your willpower, your defense against some magical effects.
Missiles
 Q - 11 curare-tipped darts (quivered)
 U - 253 sling bullets
Armour
 f - the +8 chain mail of the Falcon (worn) {Rampage MP+9}
   (You bought it in a shop on level 2 of the Orcish Mines)

   It affects your magic capacity (+9).
   It bestows one free step when moving towards enemies.
 i - the +4 cloak of Mutz (worn) {Will+}
   (You acquired it on level 2 of the Elven Halls)

   It affects your willpower, your defense against some magical effects.
 z - a +0 kite shield of reflection (worn)
 R - a +2 pair of boots (worn)
 V - the +3 helmet of Peek-a-Boo (worn) {SInv}
   (You found it on level 5 of the Dungeon)

   It lets you see invisible.
Jewellery
 g - the ring of Balance {EV+4 Str+2 Int+2}
   (You found it in the Desolation of Salt)

   [ring of evasion]

   It affects your evasion (+4).
   It affects your strength (+2).
   It affects your intelligence (+2).
 H - the ring "Uromod" (left claw) {Will+ Int+4 Dex+6}
   (You found it in the Desolation of Salt)

   [ring of dexterity]

   It affects your intelligence (+4).
   It affects your dexterity (+6).
   It affects your willpower, your defense against some magical effects.
 K - an amulet of regeneration (around neck)
 L - the ring of Vodka (right claw) {rF+ Str+4}
   (You took it off a centaur on level 6 of the Dungeon)

   [ring of protection from fire]

   It affects your strength (+4).
   It protects you from fire.
 M - an uncursed ring of protection from cold
Wands
 r - a wand of acid (12)
 t - a wand of iceblast (23)
 u - a wand of paralysis (28)
 y - a wand of polymorph (66)
 F - a wand of digging (13)
 O - a wand of flame (61)
 S - a wand of disintegration (26)
 T - a wand of enslavement (27)
Scrolls
 e - 4 scrolls of blinking
 j - 4 scrolls of teleportation
 k - 6 scrolls of fear
 l - 17 scrolls of remove curse
 n - 8 scrolls of fog
 p - a scroll of amnesia
 x - 8 scrolls of magic mapping
 B - 4 scrolls of identify
 E - 3 scrolls of silence
 G - a scroll of summoning
 P - a scroll of immolation
 W - a scroll of enchant armour
Potions
 d - 3 potions of might
 h - 15 potions of ambrosia
 m - a potion of berserk rage
 o - 3 potions of heal wounds
 q - 7 potions of attraction
 s - 6 potions of flight
 v - 8 potions of curing
 w - 4 potions of lignification
 A - 6 potions of cancellation
 C - 3 potions of mutation
 I - 2 potions of haste
 X - 2 potions of resistance
Miscellaneous
 D - a lightning rod (4/4)
 J - a box of beasts
 N - a phantom mirror
 Z - a condenser vane


   Skills:
 + Level 16.3 Fighting
 - Level 1.7 Long Blades
 - Level 2.0 Maces & Flails
 - Level 4.0 Polearms
 - Level 14.0 Slings
 + Level 15.2 Armour
 - Level 15.0 Shields
 - Level 2.2 Spellcasting
 - Level 17.0 Invocations
 + Level 15.3 Evocations


You had 23 spell levels left.
You didn't know any spells.
Your spell library contained the following spells:

 Spells                   Type           Power        Failure   Level
 Animate Skeleton         Necr           2%           58%         1
 Apportation              Tloc           2%           58%         1
 Beastly Appendage        Tmut           2%           58%         1
 Corona                   Hex            1%           58%         1
 Magic Dart               Conj           4%           58%         1
 Pain                     Necr           4%           58%         1
 Sandblast                Erth           2%           58%         1
 Shock                    Conj/Air       4%           58%         1
 Summon Small Mammal      Summ           4%           58%         1
 Call Imp                 Summ           1%           75%         2
 Ensorcelled Hibernation  Hex/Ice        2%           75%         2
 Passwall                 Tmut/Erth      0%           75%         2
 Poisonous Vapours        Pois/Air       2%           75%         2
 Searing Ray              Conj           2%           75%         2
 Slow                     Hex            1%           75%         2
 Swiftness                Air            1%           75%         2
 Wereblood                Tmut           1%           75%         2
 Call Canine Familiar     Summ           1%           92%         3
 Confusing Touch          Hex            1%           92%         3
 Conjure Flame            Conj/Fire      1%           92%         3
 Dazzling Flash           Conj/Hex       2%           92%         3
 Ignite Poison            Fire/Tmut/Pois 1%           92%         3
 Inner Flame              Hex/Fire       1%           92%         3
 Lesser Beckoning         Tloc           0%           92%         3
 Mephitic Cloud           Conj/Pois/Air  1%           92%         3
 Portal Projectile        Hex/Tloc       2%           92%         3
 Spider Form              Tmut/Pois      0%           92%         3
 Static Discharge         Conj/Air       1%           92%         3
 Stone Arrow              Conj/Erth      2%           92%         3
 Summon Guardian Golem    Hex/Summ       1%           92%         3
 Tukima's Dance           Hex            1%           92%         3
 Vampiric Draining        Necr           0%           92%         3
 Airstrike                Air            0%           100%        4
 Animate Dead             Necr           0%           100%        4
 Cause Fear               Hex            0%           100%        4
 Fulminant Prism          Conj/Hex       0%           100%        4
 Hailstorm                Conj/Ice       1%           100%        4
 Ice Form                 Ice/Tmut       1%           100%        4
 Iskenderun's Mystic Bla  Conj/Tloc      1%           100%        4
 Leda's Liquefaction      Hex/Erth       0%           100%        4
 Passage of Golubria      Tloc           N/A          100%        4
 Petrify                  Tmut/Erth      1%           100%        4
 Summon Ice Beast         Ice/Summ       1%           100%        4
 Summon Lightning Spire   Summ/Air       1%           100%        4
 Agony                    Necr           1%           100%        5
 Alistair's Intoxication  Tmut/Pois      0%           100%        5
 Blade Hands              Tmut           0%           100%        5
 Bolt of Magma            Conj/Fire/Erth 0%           100%        5
 Fireball                 Conj/Fire      0%           100%        5
 Lee's Rapid Deconstruct  Erth           0%           100%        5
 Lightning Bolt           Conj/Air       0%           100%        5
 Metabolic Englaciation   Hex/Ice        0%           100%        5
 Summon Demon             Summ           0%           100%        5
 Summon Forest            Summ/Tloc      0%           100%        5
 Summon Mana Viper        Hex/Summ       1%           100%        5
 Freezing Cloud           Conj/Ice/Air   0%           100%        6
 Invisibility             Hex            1%           100%        6
 Ozocubu's Refrigeration  Ice            0%           100%        6
 Shadow Creatures         Summ           N/A          100%        6
 Simulacrum               Ice/Necr       0%           100%        6
 Starburst                Conj/Fire      0%           100%        6
 Summon Hydra             Summ           0%           100%        7
 Ignition                 Fire           0%           100%        8


Dungeon Overview and Level Annotations

Branches:
Dungeon (15/15)            Temple (1/1) D:5            Lair (6/6) D:10
 Shoals (4/4) Lair:3       Spider (4/4) Lair:2        Slime (0/5) Lair:5
    Orc (2/2) D:9             Elf (3/3) Orc:2        Vaults (2/5) D:14
 Depths (0/5) D:15          Sewer (visited)          Bailey (visited)
Desolation (visited)
  Crypt: Vaults:2-3

Altars:
Ashenzari
Cheibriados
Dithmenos
Elyvilon
Fedhas
Gozag
Hepliaklqana
Kikubaaqudgha
Makhleb
Nemelex Xobeh
Okawaru
Qazlal
Ru
Sif Muna
Trog
Uskayaw
Vehumet
Wu Jian
Xom
Yredelemnul
Zin
The Shining One
Beogh
Lugonu

Shops:
D:5 =   Orc:2 :[(*(   Elf:1 [   Elf:2 ?*:??   Elf:3 [([*   Shoals:1 *
Shoals:3 !

Portals:
Abyss: Spider:2


Innate Abilities, Weirdness & Mutations

You have claws for hands.
You are completely covered in slimy green scales. (AC +4, rPois)
You may emit foul miasma when damaged in melee.
Your magical and physical power is enhanced at high health.
When hurt, damage is shared between your health and your magic reserves.
You regenerate magic rapidly.
When low on magic, you restore magic in place of health.
You are immune to miasma.
Your life essence is reduced to manifest your ancestor. (-10% HP)


Message History

The scroll dissolves into smoke.
You block the deep troll shaman's attack.
The deep troll shaman claws you but does no damage.
You block the deep troll shaman's attack.
The deep troll shaman is engulfed in dark miasma.
The deep troll shaman looks even sicker.
The deep troll shaman seems to slow down.
You block the deep troll shaman's attack.
The deep troll shaman claws you!
* * * LOW HITPOINT WARNING * * *
The deep troll shaman claws you but does no damage.
The ironheart preserver casts a spell.
The ironheart preserver begins to accept its allies' injuries.
The deep troll bites you but does no damage.
The deep troll claws you but does no damage. x2
The deep troll shaman bites you!!
* * * LOW HITPOINT WARNING * * *
You block the deep troll shaman's attack.
The deep troll shaman claws you!
You die...

...# #.>.....#...#
##'# ...#
#.......#...# ##..#
...# #######[#...#
#...# ...#
#...........# #...#
...# #[.[........#
#...# ...#
#...........# ##..#
...# #####'#######
##'# #### #))§§T.#
##..# .## #..§@p.#
#...##### ..##
#..§TT.# #.....'..
...## #..§§.§#
#.....#R. ....##
#......# ##...###.
.....## #.....^#
####'#### #[....##
#'###########......§§
##(....##
#.R.##.##..(#......§§
##.....#
#...##.##..(#)[....§.
##....#
#..........((()..[.§.


You could see an ironheart preserver (very poisoned), a deep troll (sheltered,
sick) and 2 deep troll shamans.

Vanquished Creatures
  Mara (Elf:2)
  Nikola (Spider:3)
  Jorgrun (D:13)
  2 deep elf blademasters (Elf:2)
  A deep elf master archer (Elf:3)
  Polyphemus (Shoals:3)
  A tengu reaver (D:12)
  Donald (Spider:1)
  Ilsuiw (Shoals:4)
  2 deep elf sorcerers (Elf:3)
  2 ghost moths (Spider:4)
  2 vault wardens (Vaults:1)
  Aizul (Spider:1)
  5 emperor scorpions
  2 imperial myrmidons (Desolation)
  3 ironheart preservers (Vaults:1)
  4 deep elf demonologists (Elf:3)
  A vampire knight (D:12)
  4 deep elf annihilators
  4 entropy weavers
  2 spark wasps
  Azrael (Orc:2)
  An ettin (Orc:2)
  A halazid warlock (Desolation)
  A crystal guardian (Desolation)
  3 deep elf death magi
  3 merfolk javelineers
  Josephine (Spider:1)
  7 merfolk impalers
  2 fire dragons (Vaults:1)
  6 ragged hierophants (Desolation)
  A deep elf high priest (Elf:3)
  4 yaktaur captains (Vaults:1)
  A vault guard (D:14)
  Erolcha (D:12)
  10 hydras
  A rakshasa (Vaults:1)
  7 peacekeepers (Desolation)
  3 boulder beetles
  2 catoblepae
  4 centaur warriors
  5 merfolk avatars
  3 servants of whispers (Desolation)
  2 merfolk aquamancers
  11 two-headed ogres
  20 dancing weapons
  12 death yaks
  2 ogre magi
  Urug (D:10)
  3 alligator snapping turtles
  A deep troll shaman (Lair:6)
  A deep troll earth mage (Vaults:2)
  An orc high priest (Orc:2)
  Sonja (Lair:6)
  A hell knight (D:12)
  18 deep elf knights
  A glowing orange brain (Vaults:1)
  9 sea snakes
  A lindwurm (Lair:6)
  A wizard (Vaults:1)
  16 deep elf archers
  7 harpies
  5 orc knights
  10 ironbrand convokers
  24 wolf spiders
  2 necromancers
  8 fauns
  18 orb spiders
  8 ugly things
  2 orc sorcerers (Orc:2)
  61 deep elf magi
  11 cyclopes
  13 manticores
  2 centaur zombies
  4 water nymphs
  13 elephants
  Maurice (D:13)
  7 black mambas
  The ghost of vvl the Chopper, a novice DDFi of the Shining One (D:5)
  2 guardian serpents (Desolation)
  12 merfolk sirens
  2 moths of wrath
  2 vault sentinels (Vaults:1)
  A torpor snail (Lair:6)
  11 cane toads
  A gargoyle (D:14)
  3 rime drakes
  2 kobold demonologists
  10 komodo dragons
  17 yaktaurs
  An efreet (D:15)
  9 demonic crawlers
  15 merfolk
  8 trolls
  A polar bear (Lair:2)
  A jumping spider (shapeshifter) (Elf:2)
  2 meliai
  5 wind drakes
  27 jumping spiders
  41 saltlings
  4 blink frogs (Lair:6)
  8 hornets (Spider:4)
  8 snapping turtles
  8 slime creatures
  11 dream sheep
  5 air elementals
  64 redbacks
  A vampire (D:15)
  24 tarantellas
  31 yaks
  11 water elementals
  7 wraiths
  2 wyverns
  15 humans
  A human (shapeshifter) (Vaults:1)
  6 fire elementals
  A steam dragon (Lair:3)
  9 vampire mosquitoes
  2 wargs
  7 water moccasins
  An acid dragon (D:14)
  A soldier ant (D:14)
  A floating eye (Bailey)
  24 orc warriors
  4 black bears
  A hell hound (Orc:2)
  A phantom (D:14)
  2 ice beasts
  4 sky beasts
  3 eyes of draining
  13 ogres
  3 boggarts (Vaults:1)
  18 wolves
  5 centaurs
  2 big kobolds
  15 bullfrogs
  2 gnoll sergeants
  3 earth elementals
  A wyvern zombie (D:14)
  2 wyvern skeletons (D:9)
  2 hexers
  4 scorpions
  23 killer bees
  A howler monkey (D:10)
  26 wights
  A bullfrog zombie (D:7)
  A quasit (D:8)
  9 hounds
  13 jellies
  9 orc priests
  2 centaur skeletons
  A gnoll shaman (D:8)
  2 bullfrog skeletons
  21 orc wizards
  2 iguanas
  7 worker ants
  3 hound skeletons
  A worker ant zombie (D:5)
  7 gnolls
  A howler monkey skeleton (D:9)
  A river rat (D:3)
  5 adders
  2 white imps
  4 ufetubi
  6 oozes
  2 adder zombies (D:8)
  An adder skeleton (D:4)
  5 worms
  A dart slug (D:4)
  6 leopard geckos
  63 orcs
  4 ball pythons
  7 bats
  9 giant cockroaches
  5 goblins
  9 hobgoblins
  10 jackals
  16 kobolds
  3 quokkas
  7 frilled lizards
  3 rats
  A lurking horror (Spider:2)
1219 creatures vanquished.

Vanquished Creatures (collateral kills)
  Arachne (Spider:2)
  A deep elf blademaster (Elf:3)
  A deep elf master archer (Elf:3)
  Roxanne (D:15)
  A fire giant (D:15)
  2 emperor scorpions (Spider:4)
  An orc warlord (Orc:1)
  2 deep elf sorcerers (Elf:3)
  2 ghost moths (Spider:4)
  A deep elf demonologist (Elf:3)
  An entropy weaver (Spider:2)
  2 deep elf death magi (Elf:3)
  A merfolk impaler (Shoals:4)
  A deep elf high priest (Elf:3)
  A vault guard (D:14)
  A hydra (Lair:6)
  A peacekeeper (Vaults:1)
  5 merfolk avatars
  2 alligator snapping turtles (Shoals:2)
  A catoblepas (Lair:5)
  A centaur warrior (D:15)
  2 two-headed ogres
  4 dancing weapons
  2 ogre magi (Vaults:1)
  2 death yaks (Shoals:3)
  A tengu warrior (D:14)
  4 deep elf knights
  An unseen horror (D:14)
  3 sea snakes
  2 wizards (D:14)
  A deep elf archer (Elf:3)
  3 harpies
  4 wolf spiders
  An orc knight (Vaults:1)
  9 deep elf magi
  2 fauns
  2 ugly things
  A black mamba (Lair:4)
  4 elephants
  4 merfolk sirens
  2 cane toads
  A komodo dragon (Lair:2)
  A rime drake (Lair:2)
  4 meliai
  3 merfolk
  4 polar bears
  2 wind drakes
  4 jumping spiders
  4 slime creatures
  A blink frog (Lair:6)
  3 saltlings
  A snapping turtle (Shoals:1)
  A wraith (D:11)
  4 water elementals (Shoals:2)
  A wyvern (Lair:6)
  2 redbacks (Spider:1)
  2 tarantellas
  A basilisk (Lair:2)
  3 yaks
  2 fire elementals
  7 humans
  2 vampire mosquitoes
  4 water moccasins
  3 ice beasts
  10 orc warriors
  A sky beast (D:10)
  A phantom (D:9)
  6 ogres
  A necrophage (D:10)
  2 centaurs
  4 wolves
  A big kobold (D:10)
  4 bullfrogs
  A gnoll sergeant (D:10)
  An earth elemental (Elf:3)
  8 killer bees
  3 scorpions
  7 wights
  4 howler monkeys
  2 jellies (Lair:5)
  A centaur skeleton (D:12)
  2 orc priests
  3 hounds
  5 orc wizards
  An iguana (D:7)
  3 worker ants
  7 gnolls
  An adder (D:6)
  2 worms (Lair:2)
  37 orcs
  2 giant cockroaches (Lair:2)
  3 goblins (D:8)
  6 kobolds
  2 quokkas
275 creatures vanquished.

Vanquished Creatures (others)
  A deep elf knight (Elf:2)
  A queen bee (Lair:4)
  An orc wizard (D:12)
  53 hexers
  12 ancestors
  A bush (Lair:6)
  28 fungi
  A lurking horror (Spider:2)
  96 plants
194 creatures vanquished.

Grand Total: 1688 creatures vanquished

Notes
Turn   | Place    | Note
-------+----------+-------------------------------------------
     0 | D:1      | xSliceyx the Demonspawn Fighter began the quest for the
                  | Orb.
     0 | D:1      | Reached XP level 1. HP: 18/18 MP: 1/1
   175 | D:1      | Gained mutation: When hurt, damage is shared between your
                  | health and your magic reserves. [demonic ancestry]
   175 | D:1      | Reached XP level 2. HP: 9/24 MP: 2/2
   483 | D:1      | You fall into a shaft and drop 1 floor!
   489 | D:2      | Gained mutation: You have sharp fingernails. [demonic
                  | ancestry]
   489 | D:2      | Reached XP level 3. HP: 26/29 MP: 3/3
  1325 | D:3      | Gained mutation: You are partially covered in slimy green
                  | scales. (AC +2) [demonic ancestry]
  1325 | D:3      | Reached XP level 4. HP: 30/37 MP: 2/4
  1617 | D:3      | Found a glowing drain.
  1626 | Sewer    | Entered a sewer
  1643 | Sewer    | Gained mutation: You are mostly covered in slimy green
                  | scales. (AC +3) [demonic ancestry]
  1643 | Sewer    | Reached XP level 5. HP: 34/42 MP: 5/5
  3092 | D:4      | Noticed an ogre
  3106 | D:4      | Reached XP level 6. HP: 44/49 MP: 6/6
  3376 | D:4      | Reached skill level 5 in Fighting
  3520 | D:4      | Found a snail-covered altar of Cheibriados.
  3596 | D:4      | Found a white marble altar of Elyvilon.
  4069 | D:5      | Entered Level 5 of the Dungeon
  4074 | D:5      | Found a glowing golden altar of the Shining One.
  4115 | D:5      | Noticed a sky beast
  4141 | D:5      | Killed a sky beast
  4142 | D:5      | Gained mutation: You are immune to miasma. [demonic
                  | ancestry]
  4142 | D:5      | Reached XP level 7. HP: 8/56 MP: 2/7
  4533 | D:5      | Found a runed translucent gate.
  4533 | D:5      | Found a runed translucent gate.
  4534 | D:5      | Found a runed translucent gate.
  4536 | D:5      | Noticed vvl's ghost (novice DDFi)
  4643 | D:5      | Reached skill level 5 in Armour
  4643 | D:5      | Reached skill level 5 in Shields
  5041 | D:5      | Found a staircase to the Ecumenical Temple.
  5054 | Temple   | Entered the Ecumenical Temple
  5286 | Temple   | Became a worshipper of Hepliaklqana the Forgotten
  5355 | D:5      | Found a shimmering blue altar of Sif Muna.
  5431 | D:5      | Found an ancient bone altar of Kikubaaqudgha.
  5435 | D:5      | Found Beapn's Jewellery Emporium.
  5451 | D:5      | Found an opulent altar of Gozag.
  5688 | D:5      | Found a roughly hewn altar of Beogh.
  5747 | D:6      | Reached skill level 1 in Invocations
  5770 | D:6      | Identified the ring of Vodka {rF+ Str+4}
  5778 | D:6      | Reached skill level 2 in Invocations
  5778 | D:6      | Gained mutation: You may emit foul miasma when damaged in
                  | melee. [demonic ancestry]
  5778 | D:6      | Reached XP level 8. HP: 47/57 MP: 9/9
  5821 | D:6      | Reached skill level 3 in Invocations
  6117 | D:6      | Identified the +10 ring mail of Ifaicruc {rCorr Int+6}
  6240 | D:6      | Reached skill level 4 in Invocations
  6452 | D:6      | Found a shimmering altar of Xom.
  6454 | D:6      | Found a blossoming altar of Fedhas.
  6454 | D:6      | Found a shadowy altar of Dithmenos.
  6456 | D:6      | Found a hazy altar of Hepliaklqana.
  6456 | D:6      | Found an ancient bone altar of Kikubaaqudgha.
  6456 | D:6      | Found a bloodstained altar of Trog.
  6734 | D:7      | Found a broken altar of Ashenzari.
  6847 | D:7      | Reached * piety under Hepliaklqana
  6963 | D:7      | Reached skill level 5 in Invocations
  7021 | D:7      | Gained mutation: You have very sharp fingernails. [demonic
                  | ancestry]
  7021 | D:7      | Reached XP level 9. HP: 64/64 MP: 12/12
  7138 | D:7      | Got a pair of fine gloves
  7144 | D:7      | Identified the +2 pair of gloves of the Gate {Regen+ rCorr}
                  | (You found it on level 7 of the Dungeon)
  7803 | D:8      | Found a flagged portal.
  7813 | D:8      | Reached skill level 6 in Invocations
  7825 | Bailey   | Entered a bailey
  8056 | Bailey   | Noticed an orc knight
  8056 | Bailey   | Noticed an orc knight
  9236 | Bailey   | Noticed an orc knight
  9237 | Bailey   | an orc knight changed into a floating eye
  9240 | Bailey   | Paralysed by a floating eye for 4 turns
  9410 | D:8      | Found a blossoming altar of Fedhas.
  9863 | D:8      | Found an iron altar of Okawaru.
  9884 | D:8      | Reached skill level 7 in Invocations
 10114 | D:9      | Found a glowing silver altar of Zin.
 10258 | D:9      | Reached XP level 10. HP: 65/72 MP: 13/15
 10424 | D:9      | Found a staircase to the Orcish Mines.
 10516 | D:9      | Found an ancient bone altar of Kikubaaqudgha.
 10648 | D:9      | Reached skill level 8 in Invocations
 10683 | D:9      | Noticed a two-headed ogre
 10689 | D:9      | Killed a two-headed ogre
 10730 | D:9      | Reached ** piety under Hepliaklqana
 10731 | D:9      | Remembered your ancestor Penelope as a hexer
 10949 | D:10     | Entered Level 10 of the Dungeon
 11029 | D:10     | Reached skill level 1 in Evocations
 11289 | D:10     | Reached skill level 9 in Invocations
 11329 | D:10     | Noticed Urug
 11345 | D:10     | Killed Urug
 11430 | D:10     | Gained mutation: You have claws for hands. [demonic
                  | ancestry]
 11430 | D:10     | Reached XP level 11. HP: 80/80 MP: 18/18
 11578 | D:10     | Found a staircase to the Lair.
 12642 | D:11     | Noticed a green ugly thing
 12653 | D:11     | Killed a green ugly thing
 12654 | D:11     | Reached skill level 10 in Invocations
 12726 | D:12     | Reached *** piety under Hepliaklqana
 12756 | D:12     | Noticed Erolcha
 12756 | D:12     | Noticed a cyan ugly thing
 12850 | D:11     | Killed a cyan ugly thing
 13154 | D:12     | Noticed a two-headed ogre
 13161 | D:12     | Killed a two-headed ogre
 13414 | D:12     | Killed Erolcha
 13415 | D:12     | Reached skill level 10 in Fighting
 13452 | D:12     | Noticed a sixfirhy
 13520 | D:12     | Noticed a boulder beetle
 13540 | D:12     | Killed a boulder beetle
 13674 | D:12     | Noticed a brown ugly thing
 13739 | D:12     | Killed a brown ugly thing
 13745 | D:12     | Reached skill level 5 in Evocations
 13907 | D:12     | Noticed a seven-headed hydra
 13908 | D:12     | Gained mutation: Your magical and physical power is
                  | slightly enhanced at high health. [demonic ancestry]
 13908 | D:12     | Reached XP level 12. HP: 75/87 MP: 2/20
 13910 | D:12     | Noticed a vampire knight
 13917 | D:12     | Noticed a tengu reaver
 13918 | D:12     | Killed a seven-headed hydra
 13919 | D:12     | Reached skill level 11 in Invocations
 13921 | D:12     | Paralysed by a vampire knight for 4 turns
 15259 | Lair:1   | Entered Level 1 of the Lair of Beasts
 15657 | Lair:1   | Identified a scroll of acquirement
 15658 | Lair:1   | Acquired the +12 fustibalus "Killer Klown's Bane" {speed,
                  | +Blink MP+9}
 15991 | D:5      | Killed vvl's ghost
 16012 | D:5      | Got an ichor-stained helmet
 16023 | D:5      | Identified the +3 helmet of Peek-a-Boo {SInv} (You found it
                  | on level 5 of the Dungeon)
 17017 | Lair:1   | Reached skill level 1 in Slings
 17717 | Lair:2   | Reached **** piety under Hepliaklqana
 17897 | Lair:2   | Reached skill level 10 in Armour
 18099 | Lair:2   | Found a hole to the Spider Nest.
 18567 | Lair:3   | Found a staircase to the Shoals.
 18577 | Lair:3   | Reached skill level 10 in Shields
 18904 | Lair:3   | Noticed a four-headed hydra
 18911 | Lair:3   | Killed a four-headed hydra
 19637 | Lair:3   | Got a faintly glowing mace
 19638 | Lair:3   | Identified the +5 mace "Soabuow" {flame, rF+ Str+4 SInv}
                  | (You found it on level 3 of the Lair of Beasts)
 20206 | Lair:4   | Reached skill level 12 in Invocations
 20207 | Lair:4   | Gained mutation: You regenerate magic rapidly. [demonic
                  | ancestry]
 20207 | Lair:4   | Reached XP level 13. HP: 79/95 MP: 19/22
 20276 | Lair:4   | Reached ***** piety under Hepliaklqana
 23171 | Lair:5   | Found a staircase to the Slime Pits.
 23192 | Lair:6   | Entered Level 6 of the Lair of Beasts
 23199 | Lair:6   | Reached skill level 5 in Slings
 23486 | Lair:6   | Noticed Sonja
 23497 | Lair:6   | Killed Sonja
 25238 | Lair:6   | Gained mutation: Your magical and physical power is
                  | enhanced at high health. [demonic ancestry]
 25238 | Lair:6   | Reached XP level 14. HP: 102/102 MP: 23/23
 25349 | Lair:6   | Reached skill level 1 in Maces & Flails
 25349 | Lair:6   | Reached skill level 13 in Invocations
 27934 | Orc:1    | Entered Level 1 of the Orcish Mines
 28007 | Orc:2    | Entered Level 2 of the Orcish Mines
 28073 | Orc:2    | Found Sulelead's Weapon Shoppe.
 28112 | Orc:2    | Found a staircase to the Elven Halls.
 28609 | Orc:2    | Reached skill level 10 in Evocations
 28764 | Orc:2    | Noticed an orc warlord
 28902 | Orc:1    | Killed an orc warlord
 29289 | Orc:2    | Noticed Azrael
 29461 | Orc:2    | Killed Azrael
 29809 | Orc:2    | Found a roughly hewn altar of Beogh.
 29947 | Orc:2    | Found Telidgh's General Store.
 29952 | Orc:2    | Found Vusa's Book Shoppe.
 30038 | Orc:2    | Bought 2 potions of curing for 102 gold pieces
 30047 | Orc:2    | Found Rygofimuo's Antique Weapon Shoppe.
 30063 | Orc:2    | Found Hyukkusa's Antique Armour Shoppe.
 31170 | Orc:2    | Bought a dazzling chain mail for 294 gold pieces
 31181 | Orc:2    | Identified the +8 chain mail of the Falcon {Rampage MP+9}
                  | (You bought it in a shop on level 2 of the Orcish Mines)
 31227 | Orc:2    | Bought a scroll of acquirement for 884 gold pieces
 31227 | Orc:2    | Bought a potion of cancellation for 136 gold pieces
 31227 | Orc:2    | Acquired the +0 kite shield "Orgher" {Dex+2 Slay+3}
 31397 | D:5      | Bought an uncursed amulet of the acrobat for 420 gold
                  | pieces
 31742 | D:12     | Reached XP level 15. HP: 80/108 MP: 24/25
 32156 | D:13     | Noticed Maurice
 32162 | D:13     | Killed Maurice
 32243 | D:13     | Noticed Jorgrun
 32264 | D:13     | Killed Jorgrun
 32265 | D:13     | Reached skill level 14 in Invocations
 33323 | D:14     | Found a gate to the Vaults.
 34092 | D:14     | Got a pitted war axe
 34094 | D:14     | Identified the cursed +3 war axe of Offence {distort,
                  | Int+6} (You found it on level 14 of the Dungeon)
 34711 | D:15     | Entered Level 15 of the Dungeon
 35177 | D:15     | Noticed a fire giant
 35183 | D:15     | Found a staircase to the Depths.
 35200 | D:15     | Killed a fire giant
 35397 | D:15     | Identified Roxanne's Incunabulum of Transmutation
 35397 | D:15     | Noticed Roxanne
 35575 | D:15     | Killed Roxanne
 35998 | D:15     | Found an opulent altar of Gozag.
 36197 | D:12     | Killed a tengu reaver
 36246 | D:12     | Reached XP level 16. HP: 97/117 MP: 27/27
 36491 | D:5      | Bought an uncursed ring of poison resistance for 280 gold
                  | pieces
 36702 | Spider:1 | Entered Level 1 of the Spider Nest
 37030 | Spider:1 | Reached skill level 15 in Invocations
 37597 | Spider:1 | Noticed Aizul
 37615 | Spider:1 | Killed Aizul
 38160 | Spider:1 | Noticed Donald
 38167 | Spider:1 | Killed Donald
 38434 | Spider:1 | Noticed Josephine
 38599 | Spider:1 | Killed Josephine
 39849 | Spider:2 | Found a one-way gate to the infinite horrors of the Abyss.
 39854 | Spider:2 | Found a corrupted altar of Lugonu.
 40673 | Spider:2 | Noticed Arachne
 40683 | Spider:2 | Killed Arachne
 41582 | Spider:3 | Noticed Nikola
 41594 | Spider:3 | Killed Nikola
 42041 | Spider:4 | Entered Level 4 of the Spider Nest
 42047 | Spider:4 | Gained mutation: You are completely covered in slimy green
                  | scales. (AC +4, rPois) [demonic ancestry]
 42047 | Spider:4 | Reached XP level 17. HP: 109/124 MP: 28/28
 42299 | Spider:4 | Reached skill level 10 in Slings
 42327 | Spider:4 | Reached skill level 16 in Invocations
 43267 | Spider:4 | Paralysed by a hornet for 3 turns
 44167 | Spider:4 | Got a gossamer rune of Zot
 44527 | Elf:1    | Entered Level 1 of the Elven Halls
 44702 | Elf:1    | Reached skill level 1 in Spellcasting
 44895 | Elf:1    | Identified Disydoklypyl's Almanac of Confrontation
 45008 | Elf:1    | Got a polished spear
 45009 | Elf:1    | Identified the +7 spear of Sunlight {flame, rF+ rN+ Will+
                  | Dex+6} (You found it on level 1 of the Elven Halls)
 45050 | Elf:1    | Found Suonufesh's Armour Emporium.
 45474 | Elf:1    | Reached skill level 1 in Polearms
 46242 | Elf:2    | Reached XP level 18. HP: 132/132 MP: 30/30
 46306 | Elf:2    | Found Tioqemaesch's General Store.
 46313 | Elf:2    | Bought a potion of resistance for 180 gold pieces
 46313 | Elf:2    | Bought a scroll of blinking for 135 gold pieces
 46313 | Elf:2    | Bought a potion of curing for 54 gold pieces
 46327 | Elf:2    | Found Melel's Magic Scroll Boutique.
 46360 | Elf:2    | Found Mojadac's Magic Scroll Boutique.
 46413 | Elf:2    | Found Siar's Magic Scroll Boutique.
 46440 | Elf:2    | Found Gumaq's Book Boutique.
 47079 | Elf:2    | Found a huge runed translucent gate.
 47079 | Elf:2    | Found a huge runed translucent gate.
 47080 | Elf:2    | Found a huge runed translucent gate.
 47080 | Elf:2    | Found a huge runed translucent gate.
 47080 | Elf:2    | Found a huge runed translucent gate.
 47649 | Elf:2    | Reached skill level 17 in Invocations
 48540 | Elf:3    | Entered Level 3 of the Elven Halls
 48540 | Elf:3    | Noticed Mara
 48554 | Elf:3    | Noticed xSliceyx's illusion
 48700 | Elf:3    | Noticed xSliceyx's illusion
 48854 | Elf:3    | Noticed xSliceyx's illusion
 48914 | Elf:2    | Noticed xSliceyx's illusion
 49110 | Elf:2    | Noticed xSliceyx's illusion
 49121 | Elf:2    | Killed Mara
 49696 | Elf:3    | Found Boriv's Antique Weapon Shop.
 49711 | Elf:3    | Found Loxiheoq's Assorted Antiques.
 49711 | Elf:3    | Found Arity's Armour Shop.
 49722 | Elf:3    | Found Hotwyep's Antique Armour Boutique.
 50274 | Elf:3    | Reached ****** piety under Hepliaklqana
 50959 | Elf:3    | Noticed a Tzitzimitl
 51007 | Elf:3    | Noticed a Tzitzimitl
 52435 | Elf:3    | Noticed a Brimstone Fiend
 52573 | Elf:3    | Noticed a Tzitzimitl
 52617 | Elf:3    | Reached XP level 19. HP: 88/138 MP: 27/31
 53096 | Elf:3    | Got a dazzling shortbow
 53532 | Elf:2    | Bought a scroll of acquirement for 936 gold pieces
 53532 | Elf:2    | Acquired the +4 cloak of Mutz {Will+}
 53721 | Lair:1   | Upgraded the game from 0.26.0-10-g1f06aea511 to
                  | 0.26.0-11-g8f856b5395
 53774 | Shoals:1 | Entered Level 1 of the Shoals
 53774 | Shoals:1 | Found Fugodar's General Store.
 53805 | Shoals:1 | Reached skill level 15 in Fighting
 54652 | Shoals:1 | Got a twisted whip
 54653 | Shoals:1 | Identified the cursed +1 whip of Doreut {vorpal, rC+ SInv
                  | Stlth+} (You found it on level 1 of the Shoals)
 55582 | Shoals:3 | Found Julocs's Distillery.
 55771 | Shoals:3 | Noticed Polyphemus
 55786 | Shoals:3 | Killed Polyphemus
 56461 | Shoals:4 | Entered Level 4 of the Shoals
 56498 | Shoals:4 | Reached skill level 15 in Shields
 56887 | Shoals:4 | Got a blackened arbalest
 56888 | Shoals:4 | Identified the +8 arbalest "Leni" {penet, *Contam rPois rF+
                  | Str+9} (You found it on level 4 of the Shoals)
 57010 | Shoals:4 | Got a barnacled rune of Zot
 57175 | Shoals:4 | Noticed Ilsuiw
 57209 | Shoals:4 | Killed Ilsuiw
 57601 | Shoals:4 | Got a steaming scale mail
 57602 | Shoals:4 | Identified the +4 scale mail of Tees {Int+3} (You found it
                  | on level 4 of the Shoals)
 58036 | Vaults:1 | Entered Level 1 of the Vaults
 58078 | Vaults:1 | Gained mutation: When low on magic, you restore magic in
                  | place of health. [demonic ancestry]
 58078 | Vaults:1 | Reached XP level 20. HP: 113/146 MP: 32/32
 58332 | Vaults:1 | Found a ruined gateway.
 58373 | Desolati | Entered the Desolation of Salt
 58614 | Desolati | Identified the ring "Giaczah" {Int+6 Dex+2}
 59059 | Desolati | Got a translucent turquoise ring
 59061 | Desolati | Got a pitted steel ring
 59065 | Desolati | Identified the ring "Uromod" {Will+ Int+4 Dex+6} (You found
                  | it in the Desolation of Salt)
 59067 | Desolati | Identified the ring of Balance {EV+4 Str+2 Int+2} (You
                  | found it in the Desolation of Salt)
 59642 | Desolati | Got a serpentine wooden ring
 59644 | Desolati | Identified the ring of Soirosme {*Tele +Fly} (You found it
                  | in the Desolation of Salt)
 59773 | Desolati | Identified the Disquisition on Cold and Hexes
 59785 | Desolati | Got a scorched long sword
 59786 | Desolati | Identified the cursed +1 long sword "Solacu" {elec, Fragile
                  | rF+ MP+9} (You found it in the Desolation of Salt)
 59796 | Desolati | Got a faintly glowing marble ring
 59798 | Desolati | Identified the ring of Temperance {+Fly Dex+4} (You found
                  | it in the Desolation of Salt)
 59944 | Desolati | Reached skill level 15 in Armour
 59976 | Desolati | Reached skill level 15 in Evocations
 60213 | Desolati | Got a blackened scale mail
 60214 | Desolati | Identified the cursed +0 scale mail of Watchfulness {rF+
                  | Dex+2 Slay+2} (You found it in the Desolation of Salt)
 61425 | Vaults:1 | Slain by a deep troll shaman

Illustrated notes

Levels and vault maps discovered:
D:1:      amcnicky_arrival_single_pillar, layout_rooms
D:2:      layout_basic
D:3:      layout_rooms, cheibrodos_sewer_entry_sluice
D:4:      layout_loops_ring, kennysheep_slug_shrine, elyvilon_altar_5
D:5:      layout_cave_pods, nicolae_overflow_crystal_walls, kennysheep_mini,
          lemuel_coloured_pillars_altar, minmay_temple_entry_tees, serial_shops,
          nicolae_shop_waterfront, biasface_ghost_orc_armoury, basic_altar
D:6:      layout_rooms, doesnt_xom_only_xom
D:7:      layout_loops_ring, evilmike_ruin_ashenzari
D:8:      layout_basic, okawaru_humans, fedhas_altar_4, enter_bailey_5
D:9:      layout_loops_ring, zin_statuary, lemuel_round_altar, david_orc_4,
          minmay_radiant
D:10:     layout_roguey [special_room_orc], lair_entry_dummy, uniq_urug
D:11:     layout_loops_ring
D:12:     thingy_vault, layout_basic, uniq_erolcha
D:13:     layout_small_grid, minmay_misc_feat_hallway, uniq_jorgrun,
          uniq_maurice
D:14:     layout_loops_cross, grunt_vaults_entry_tiered, minmay_misc_feat_tower
D:15:     grunt_enter_depths_giant_problem, layout_basic, basic_altar,
          minmay_misc_feat_four_crosses, uniq_roxanne
Temple:   minmay_temple_curvy_loop
Lair:1:   layout_roguey, grunt_megastairs_1
Lair:2:   layout_cave_pods, nicolae_spider_entry_non_spiders,
          lemuel_fruit_fields
Lair:3:   layout_loops_ring, shoals_dummy_entry, minivault_19, st_stairs_3
Lair:4:   layout_cave_shapes, special_room [special_room_bee], lemuel_fruit_tree
Lair:5:   layout_concentric_octagons, minmay_slime_entry_jelly_boxes
Lair:6:   grunt_lair_end_beastmaster, layout_gridlike, uniq_sonja
Shoals:1: layout_shoals, serial_shops, shop
Shoals:2: layout_shoals
Shoals:3: layout_shoals, serial_shops, nicolae_shop_behind_doors, ldierk_geyser,
          uniq_polyphemus
Shoals:4: shoals_end_simple, layout_shoals, shoals_ilsuiw_alternative
Spider:1: layout_spider_delve, uniq_donald, uniq_aizul, uniq_josephine
Spider:2: layout_spider_delve, amcnicky_altar_lugonu_corruption, uniq_arachne
Spider:3: layout_spider_delve, nicolae_spider_cling_ruins, uniq_nikola
Spider:4: spider_rune_water
Orc:1:    layout_caves
Orc:2:    grunt_orc_cross, layout_caves, serial_shops, shop, uniq_azrael
Elf:1:    minmay_elf_arrival_summoners, layout_geoelf_octagon, serial_shops,
          shop, minmay_elf_annihilation
Elf:2:    layout_geoelf_octagon, serial_shops, shop, shop_fountains,
          nicolae_shop_trees, shop, nicolae_shop_statue_plus
Elf:3:    elf_hall_gauntlet_wide, layout_geoelf_grid, minmay_shoptagon,
          uniq_mara
Vaults:1: nicolae_vaults_diagonal_hallway_8, nicolae_vaults_disjoint_gnomons,
          nicolae_vaults_network_barrier, vaults_room_large_hall,
          st_smaller_cells, v_misc_19, nicolae_vaults_little_squares_2,
          nicolae_vaults_inception_scallops, nicolae_vaults_little_squares_3,
          vaults_mumra_hex, vaults_dpeg_cross, vaults_room_door_ring,
          nicolae_vaults_mini_display_case, layout_vaults_maze,
          portal_desolation_entry_salt
Vaults:2: minmay_crypt_entry_necro_gods, grunt_vaults_hallway_long, v_misc_12,
          nicolae_vaults_what_the_h, nicolae_vaults_rhombus_6,
          hangedman_vaults_corner, hangedman_vaults_river_flow,
          nicolae_vaults_statue_guard, nicolae_vaults_diagonal_hallway_7,
          hangedman_vaults_trim, vaults_dpeg_hooks, layout_vaults_omnigrid,
          uniq_margery

Skill      XL: |  1  2  3  4  5  6  7  8  9 10 11 12 13 14 15 16 17 18 19 20 |
---------------+-------------------------------------------------------------+-----
Armour         | 3 4 5 6 7 8 9 10 11 12 13 14 15 | 15.2
Shields        | 3 4 5 6 7 8 9 10 11 12 13 14 15 | 15.0
Fighting       | 4 5 6 7 8 9 10 11 12 13 14 15 16 | 16.3
Invocations    | 2 5 7 9 10 12 13 14 15 16 17 | 17.0
Evocations     | 2 5 6 8 10 11 12 13 14 15 | 15.3
Slings         | 4 6 7 8 9 10 11 13 14 | 14.0
Maces & Flails | 2 |  2.0
Spellcasting   | 2 |  2.2
Polearms       | 1 4 |  4.0
Long Blades    | |  1.7

Action                   |  1- 3 |  4- 6 |  7- 9 | 10-12 | 13-15 | 16-18 | 19-21 || total
-------------------------+-------+-------+-------+-------+-------+-------+-------++-------
Melee: Long sword        |   137 |   271 |   121 |       |       |       |       ||   529
       Short sword       |       |       |   328 |    51 |       |       |       ||   379
       Spear             |       |       |     5 |       |       |   855 |   373 ||  1233
       Flail             |       |       |       |   322 |       |       |       ||   322
       Eveningstar       |       |       |       |   275 |   985 |   418 |   453 ||  2131
       Fustibalus        |       |       |       |     1 |       |       |       ||     1
 Fire: Fustibalus        |       |       |       |     4 |   117 |   404 |   272 ||   797
Throw: Dart              |       |       |    11 |     7 |     1 |       |       ||    19
Invok: Recall Ancestor   |       |       |     6 |     2 |     9 |     8 |     2 ||    27
       Ancestor Life: He |       |       |       |     1 |       |       |       ||     1
       Ancestor Identity |       |       |       |     1 |       |       |       ||     1
       Idealise          |       |       |       |       |     6 |     2 |     2 ||    10
 Abil: Evoke Blink       |       |       |       |       |       |     1 |       ||     1
Evoke: Wand              |       |       |     1 |       |     7 |     9 |     1 ||    18
       Condenser vane    |       |       |       |       |     4 |     3 |     3 ||    10
  Use: Potion            |       |     1 |     1 |     3 |     3 |    10 |       ||    18
       Scroll            |       |       |     9 |    21 |    13 |    18 |    14 ||    75
 Stab: Distracted        |       |       |     3 |     8 |    20 |    14 |     8 ||    53
       Confused          |       |       |       |    12 |     9 |     9 |    22 ||    52
       Petrifying        |       |       |       |       |     1 |       |       ||     1
       Paralysed         |       |       |       |       |    16 |    28 |    56 ||   100
Armor: Scale mail        |    57 |   198 |    76 |       |       |       |       ||   331
       Ring mail         |       |       |   161 |   312 |   548 |       |       ||  1021
       Chain mail        |       |       |       |       |   195 |   982 |   438 ||  1615
Dodge: Dodged            |    44 |   106 |   150 |   246 |   455 |   410 |   278 ||  1689
Block: Kite shield       |    75 |   171 |   350 |   499 |   973 |   982 |   577 ||  3627
       Reflection        |       |       |       |       |       |       |    26 ||    26
       Rpst.: Long sword |    14 |    36 |     8 |       |       |       |       ||    58
